 Dungeon Crawl Stone Soup version 0.19-a0-27-g415f530 (webtiles) character file.

474 M4edhros the Insei (level 7, -3/41 HPs)
             Began as an Octopode Necromancer on May 1, 2016.
             Slain by a centaur (10 damage)
             ... on level 7 of the Dungeon.
             The game lasted 00:06:54 (1508 turns).

M4edhros the Insei (Octopode Necromancer)           Turns: 1508, Time: 00:06:55

Health: -3/41      AC:  1    Str: 12    XL:     7   Next: 10%
Magic:  1/10       EV: 12    Int: 17    God:
Gold:   110        SH:  0    Dex: 15    Spells: 3 memorised, 5 levels left

rFire  . . .     SeeInvis .     g - +0 dagger (venom)
rCold  . . .     Gourm    .     (no shield)
rNeg   . . .     Faith    .     (helmet restricted)
rPois  .         Spirit   .     l - amulet of regeneration
rElec  .         Dismiss  .     (no ring)
rCorr  .         Reflect  .     (no ring)
SustAt .         Harm     .     (no ring)
MR     .....                    (no ring)
Stlth  +++.......               (no ring)
                                (no ring)
                                (no ring)
                                (no ring)

@: mighty, not resistant to hostile enchantments, fairly stealthy
A: almost no armour, amphibious, 8 rings, constrict 8, camouflage 1, gelatinous
body 1
a: no special abilities


You were on level 7 of the Dungeon.
You were hungry.

You visited 1 branch of the dungeon, and saw 7 of its levels.

You collected 110 gold pieces.

Inventory:

Hand Weapons
 g - a +0 dagger of venom (weapon)
Jewellery
 e - an uncursed amulet of harm {unknown}
 l - an amulet of regeneration (around mantle)
Scrolls
 d - a scroll of teleportation {unknown}
 f - a scroll of remove curse {unknown}
 k - a scroll of random uselessness {unknown}
 m - 2 scrolls of identify {unknown}
 o - a scroll of noise {unknown}
Potions
 n - a potion of might
Books
 a - a book of Necromancy

   Spells                             Type                      Level
   a - Pain                           Necromancy                   1
   b - Animate Skeleton               Necromancy                   1
   c - Vampiric Draining              Necromancy                   3
   d - Regeneration                   Charms/Necromancy            3
   e - Animate Dead                   Necromancy                   4
   f - Control Undead                 Necromancy                   4
Comestibles
 b - 4 bread rations
 c - 2 beef jerkies
 i - a chunk of flesh
 j - a meat ration


   Skills:
 - Level 2.0 Dodging
 - Level 2.6 Stealth
 + Level 7.1 Unarmed Combat
 - Level 2.0 Spellcasting
 - Level 4.0 Necromancy


You had 5 spell levels left.
You knew the following spells:

 Your Spells              Type           Power        Failure   Level  Hunger
a - Pain                  Necr           ###.         3%          1    #......
b - Animate Skeleton      Necr           N/A          3%          1    #......
r - Regeneration          Chrm/Necr      #.........   24%         3    ###....


Dungeon Overview and Level Annotations

Branches:
Dungeon (7/15)             Temple (0/1) D:7

Altars:
Dithmenos
Elyvilon
Gozag
Makhleb
Nemelex Xobeh
Okawaru
Pakellas
Ru
Sif Muna
Zin
The Shining One


Innate Abilities, Weirdness & Mutations

You cannot wear most types of armour.
You are amphibious.
You can wear up to eight rings at the same time.
You can use your tentacles to constrict eight enemies at once.
Your skin changes colour to match your surroundings (Stealth).
Your rubbery body absorbs attacks (AC +1).


Message History

The centaur unwields an uncursed shortbow.
The centaur hits you!
You see here an arrow.
You barely miss the centaur. The centaur barely misses you.
The centaur hits you.
You barely miss the centaur. You tentacle-slap the centaur.
The centaur is lightly wounded.
The centaur hits you.
You puncture the centaur! Your squeeze misses the centaur.
The centaur is moderately wounded.
The centaur closely misses you. The centaur hits you!
You puncture the centaur!
The centaur is poisoned.
The centaur is severely wounded.
The centaur hits you!
* * * LOW HITPOINT WARNING * * *
You barely miss the centaur.
The centaur is severely wounded.
Your skin stops crawling.
The centaur closely misses you. The centaur hits you!
You die... .......# **........ .......# *........ ......### *#....... ........### ##c.P.... <.........### #..P..... ............### #..P>.P.. ..............#### #lcPPPP#*

#.............(.(#### ##.PPP.P#
#.####.#........@†..####[#######
..#**#.#.##.....5c.......# ***
...,*#...#####..........## **,,
...,*#...# ####......##*****,,,
._......## ####...#*,,,,,,,,
.....##.# ##.>..,,,,,**,
.....*### *...<..,*****, #...,*
*#........,**** #.##**
***....#.#.#,*,*,


You could see a centaur and a crimson imp.

Vanquished Creatures
  2 hounds
  3 orc priests
  A centaur skeleton (D:4)
  2 iguanas
  3 orc wizards (D:4)
  2 worker ants
  A killer bee zombie (D:7)
  7 adders
  2 worms
  11 orcs
  3 giant cockroaches
  A goblin (D:1)
  3 hobgoblins
  A quokka (D:3)
  2 bats
  3 kobolds
  2 rats
49 creatures vanquished.

Notes
Turn   | Place    | Note
--------------------------------------------------------------
     0 | D:1      | M4edhros the Octopode Necromancer began the quest for the Orb.
     0 | D:1      | Reached XP level 1. HP: 11/11 MP: 3/3
   104 | D:1      | Reached skill level 1 in Unarmed Combat
   246 | D:1      | Reached XP level 2. HP: 17/17 MP: 5/5
   302 | D:3      | Reached skill level 2 in Unarmed Combat
   307 | D:3      | Reached XP level 3. HP: 18/21 MP: 6/6
   314 | D:3      | Learned a level 1 spell: Animate Skeleton
   318 | D:3      | Learned a level 3 spell: Regeneration
   318 | D:3      | Found a deep blue altar of Sif Muna.
   365 | D:3      | Found a sparkling altar of Nemelex Xobeh.
   365 | D:3      | Found an opulent altar of Gozag.
   376 | D:3      | Reached skill level 3 in Unarmed Combat
   396 | D:3      | Found a shadowy altar of Dithmenos.
   577 | D:4      | Found a burning altar of Makhleb.
   594 | D:4      | Reached XP level 4. HP: 15/27 MP: 7/7
   622 | D:4      | Reached skill level 4 in Unarmed Combat
   652 | D:4      | Reached XP level 5. HP: 21/31 MP: 0/8
   975 | D:4      | Reached skill level 5 in Unarmed Combat
   998 | D:4      | Found an iron altar of Okawaru.
  1049 | D:4      | Reached XP level 6. HP: 5/36 MP: 1/9
  1113 | D:4      | Reached skill level 6 in Unarmed Combat
  1179 | D:5      | Entered Level 5 of the Dungeon
  1204 | D:5      | Found an oddly glowing altar of Pakellas.
  1237 | D:5      | Found a glowing golden altar of the Shining One.
  1240 | D:5      | Found a glowing silver altar of Zin.
  1241 | D:5      | Found a white marble altar of Elyvilon.
  1396 | D:7      | Found a sacrificial altar of Ru.
  1449 | D:7      | Found a staircase to the Ecumenical Temple.
  1481 | D:7      | Reached XP level 7. HP: 19/41 MP: 1/10
  1483 | D:7      | Reached skill level 7 in Unarmed Combat
  1508 | D:7      | Slain by a centaur

Vault maps used:
D:1:      lemuel_arrival_funnel, hangedman_abyss_or_decor_lesser_grid,
          minmay_misc_feat_iff, kennysheep_another_room,
          minmay_misc_feat_pillars, minmay_statues_item, minmay_misc_feat_tower
D:2:      serial_bayou, serial_bayou_pond_a, serial_bayou_pond_c,
          serial_bayou_pond_d, serial_bayou_shore_b, uniq_crazy_yiuf_cottage
D:3:      grunt_temple_overflow_opulence, grunt_dithmenos_smoke,
          nicolae_overflow_hidden_temple, hex_tiny, kennysheep_generic_room_8
D:4:      kennysheep_little_box, okawaru_ov_weapons_minmay, first_bread
D:5:      good_gods_temple_1, overflow_temple_1_default, basic_altar,
          st_stairs_8
D:7:      nicolae_overflow_crystal_walls, minmay_temple_entry_overgrown,
          st_stairs_10

Skill      XL: |  1  2  3  4  5  6  7 |
---------------+----------------------+-----
Unarmed Combat | 1 2 3 4 5 6 7 |  7.1
Dodging        | |  2.0
Stealth        | |  2.6
Spellcasting   | |  2.0
Necromancy     | |  4.0

Action                   |  1- 3 |  4- 6 |  7- 9 || total
-------------------------+-------+-------+-------++-------
Melee: Dagger            |    35 |    81 |     9 ||   125
       Constrict         |     9 |    20 |     1 ||    30
       Tentacles         |     6 |    22 |     1 ||    29
       Punch             |       |     8 |     2 ||    10
 Cast: Pain              |     4 |       |       ||     4
       Regeneration      |     1 |    13 |     1 ||    15
  Use: Potion            |       |     1 |     2 ||     3
       Scroll            |       |     5 |       ||     5
 Stab: Sleeping          |     9 |     5 |       ||    14
  Eat: Royal jelly       |       |     1 |       ||     1
       Chunk             |       |     2 |       ||     2
Armor: Skin              |     1 |     2 |       ||     3
Dodge: Dodged            |    22 |    43 |     8 ||    73
